 Dungeon Crawl Stone Soup version 0.21.1-1-g345015f (webtiles) character file.

14802 Monsterracer the Grappler (level 11, -3/123 (126) HPs)
             Began as a Troll Venom Mage on Feb 7, 2018.
             Was a High Priest of Cheibriados.
             Slain by a five-headed hydra (6 damage)
             ... on level 5 of the Lair of Beasts.
             The game lasted 00:23:36 (11805 turns).

Monsterracer the Grappler (Troll Venom Mage)       Turns: 11805, Time: 00:23:37

HP:   -3/123 (126)  AC:  6    Str: 32    XL:     11   Next: 93%
MP:   11/14         EV:  1    Int: 22    God:    Cheibriados [*****.]
Gold: 736           SH:  0    Dex: 21    Spells: 6/16 levels left

rFire    x . .     SeeInvis .     - Unarmed
rCold    + + +     Gourm    +   (shield currently unavailable)
rNeg     + + +     Faith    .   (armour currently unavailable)
rPois    ∞         Spirit   .   (helmet currently unavailable)
rElec    .         Reflect  +   (cloak currently unavailable)
rCorr    .         Harm     .   (gloves unavailable)
MR       .....                  (boots unavailable)
Stlth    ++........             p - +5 amulet of reflection
HPRegen  0.70/turn              j - ring of protection from cold {!d}
MPRegen  0.14/turn              y - ring of wizardry

@: ice-form, petrified, frozen, studying Dodging, very slow
A: large, unfitting armour, fast metabolism 3, gourmand, regeneration 1
a: End Transformation, Bend Time, Temporal Distortion, Slouch, Step From Time,
Renounce Religion


You were on level 5 of the Lair of Beasts.
You worshipped Cheibriados.
Cheibriados was extremely pleased with you.
You were not hungry.
You were a creature of crystalline ice.
You visited 2 branches of the dungeon, and saw 13 of its levels.

You collected 787 gold pieces.
You spent 39 gold pieces at shops.
You donated 12 gold pieces to Zin.

Inventory:

Missiles
 o - 14 tomahawks (quivered)
 q - 2 large rocks
 s - a throwing net
 A - 7 tomahawks of dispersal
Armour
 f - a +2 hat (melded)
 u - a +2 robe of cold resistance (melded)
Jewellery
 j - a ring of protection from cold (left front paw) {!d}
 p - a +5 amulet of reflection (around neck)
 y - a ring of wizardry (right front paw)
Wands
 a - a wand of polymorph (18)
 g - a wand of disintegration (32)
 m - a wand of clouds (6)
Scrolls
 h - a scroll of fear {!r}
 k - 5 scrolls of remove curse
 l - 5 scrolls of magic mapping {!r}
 r - a scroll of amnesia
 t - 3 scrolls of blinking
 v - 4 scrolls of enchant armour
 w - 7 scrolls of teleportation
Potions
 b - a potion of magic
 d - 5 potions of curing
 e - 3 potions of flight
 i - 2 potions of brilliance
 n - 4 potions of invisibility
 x - a potion of cancellation
 z - 2 potions of agility
 B - a potion of resistance {unknown}
 D - a potion of haste {unknown}
Books
 C - a manual of Dodging
Comestibles
 c - 28 rations


   Skills:
 + Level 5.8 Fighting
 + Level 6.3 Throwing
 + Level 5.2 Dodging
 - Level 1.0 Stealth
 * Level 11.1 Unarmed Combat
 - Level 3.0 Spellcasting
   Level 0.6 Conjurations
 + Level 6.1 Transmutations
   Level 2.1 Poison Magic
 + Level 5.0 Invocations


You had 6 spell levels left.
You knew the following spells:

 Your Spells              Type           Power        Failure   Level  Hunger
a - Ice Form              Ice/Tmut       ###.....     14%         4    ####...
b - Sticks to Snakes      Tmut           ####....     1%          2    ##.....
c - Airstrike             Air            #.........   43%         4    ####...


Dungeon Overview and Level Annotations

Branches:
Dungeon (8/15)             Temple (0/1) D:7            Lair (5/6) D:8
 Spider (0/4) Lair:3
  Swamp: Lair:2-4    Shoals: Lair:2-4     Slime: Lair:5-6

Altars:
Ashenzari
Cheibriados
Okawaru
Ru
Vehumet
Xom
Yredelemnul
Zin
The Shining One

Shops:
D:5 [   D:6 ?(   D:8 [

Annotations:
D:7 exclusion: ice statue
Lair:3 Rupert, Urug


Innate Abilities, Weirdness & Mutations

You are too large for most types of armour.
((You have claws for hands.))
Your metabolism is lightning-fast.
You like to eat raw meat.
Your natural rate of healing is unusually fast.
((You are covered in fur. (AC +1)))
((You have very tough skin. (AC +2)))


Message History

No target in view!
No target in view!
C - a manual of Dodging
Found a hand crossbow.
You see here a hand crossbow.
Found 23 sling bullets.
You now have 736 gold pieces (gained 24).
g - a wand of disintegration (32) (gained 18 charges)
Found an escape hatch in the ceiling.
w - 7 scrolls of teleportation (gained 1)
There is an escape hatch in the ceiling here.
Found a stone staircase leading down.
A rime drake comes into view.
A basilisk comes into view.
Found 20 stones.
A basilisk, 2 hippogriffs, 2 wyverns and a rime drake come into view.
The rime drake hisses angrily. x2; The basilisk hisses angrily.
The wyvern hisses angrily.
You hear a screech! x2
The basilisk hisses angrily.
The hippogriff screeches!
You hear an angry hiss.
You hear a roar!
You hear an angry hiss.
You hear a screech!
The rime drake breathes ice at you. The flash freeze misses you.
A hippogriff comes into view.
The hippogriff screeches!
You hear a bark!
The wyvern hisses angrily.
A hell hound, a hydra, a manticore, 2 hippogriffs and a wyvern come into view.
The hippogriff screeches!
The five-headed hydra roars!
The hippogriff screeches!
The rime drake breathes ice at you. The flash freeze misses you.
The basilisk gazes at you.
You are slowing down.
The rime drake breathes ice at you. The flash freeze hits you!
You partially resist.
You are encased in ice.
Your limbs are stiffening.
Found 190 gold pieces.
You take 7 damage, and have 96/103 hp.
Casting: Ice Form
Confirm with . or Enter, or press ? or * to list all spells.
You turn into a creature of crystalline ice.
Your +2 hat melds into your body.
Your +2 robe of cold resistance melds into your body.
You feel less resistant to cold. The rime drake bites you!
The rime drake bites you but does no damage.
The rime drake bites you.
You have turned to stone.
The rime drake bites you. The five-headed hydra bites you!
The five-headed hydra bites you but does no damage.
The five-headed hydra bites you! The five-headed hydra bites you.
The five-headed hydra bites you but does no damage.
The ice encasing you melts away. The rime drake bites you.
The five-headed hydra bites you. x2
The five-headed hydra bites you! The five-headed hydra bites you. x2
The rime drake bites you. The five-headed hydra bites you.
The five-headed hydra bites you!
The five-headed hydra bites you. x2; The five-headed hydra bites you!
The rime drake breathes ice at you. The flash freeze hits you!
You partially resist.
You are encased in ice.
The wyvern hisses menacingly.
The five-headed hydra bites you! The five-headed hydra bites you.
* * * LOW HITPOINT WARNING * * *
The five-headed hydra bites you.
* * * LOW HITPOINT WARNING * * *
The five-headed hydra bites you.
* * * LOW HITPOINT WARNING * * *
The five-headed hydra bites you!
* * * LOW HITPOINT WARNING * * *
The rime drake bites you but does no damage.
The hell hound pauses to sniff the ground.
The rime drake bites you.
* * * LOW HITPOINT WARNING * * *
The five-headed hydra bites you but does no damage.
The five-headed hydra bites you!!
* * * LOW HITPOINT WARNING * * *
The five-headed hydra bites you.
* * * LOW HITPOINT WARNING * * *
The five-headed hydra bites you.
* * * LOW HITPOINT WARNING * * *
The five-headed hydra bites you!
* * * LOW HITPOINT WARNING * * *
The ice encasing you melts away. The rime drake breathes ice at you.
The flash freeze hits you! You partially resist.
* * * LOW HITPOINT WARNING * * *
You are encased in ice.
The five-headed hydra bites you!
* * * LOW HITPOINT WARNING * * *
The five-headed hydra completely misses you.
The five-headed hydra bites you. x2; The five-headed hydra bites you!
* * * LOW HITPOINT WARNING * * *
The rime drake bites you but does no damage.
The five-headed hydra bites you.
The five-headed hydra completely misses you.
The five-headed hydra barely misses you.
The five-headed hydra bites you!
* * * LOW HITPOINT WARNING * * *
The five-headed hydra bites you!
* * * LOW HITPOINT WARNING * * *
The rime drake bites you but does no damage.
The five-headed hydra bites you!
You die...

.....P.#.#.. #.##
.....P......# (..##
......#.. ..##....#
........###..#...
.........##...#
.....#P.......## #
...............##.#
..........P.#...>.#
.......<.##..#Yk###
.........######D##
..........##


lkH ...........## HlHl# #..........##hlHl# #.......P...#.HH.# #..........#######
#...........###.# #.......#.P.#P..### You could see a five-headed hydra, a
manticore, 5 hippogriffs, 2 basilisks, 2 rime drakes, a hell hound and 3
wyverns.

Vanquished Creatures
  2 hydras
  A two-headed ogre (D:8)
  5 spiny frogs
  A rime drake (Lair:2)
  The ghost of shakethe the Insei, a novice OpTm (D:4)
  2 komodo dragons
  5 jumping spiders (Lair:3)
  Grinder (D:6)
  4 blink frogs (Lair:1)
  A hippogriff (Lair:2)
  7 redbacks
  The ghost of ceb the Skirmisher, an amateur HOFi (D:3)
  A steam dragon (D:7)
  2 basilisks (Lair:4)
  A human (D:8)
  5 yaks
  2 hogs (D:8)
  8 water moccasins
  Duvessa (D:6)
  5 porcupines
  An ice beast (D:7)
  A phantom (D:4)
  2 orc warriors
  A sky beast (D:7)
  A black bear (D:8)
  5 ogres
  4 necrophages (Lair:3)
  6 wolves (Lair:4)
  3 crocodiles
  A big kobold (D:8)
  7 bullfrogs
  Dowan (D:6)
  2 scorpions
  5 howler monkeys
  3 electric eels (D:8)
  2 crimson imps
  4 hounds
  6 orc priests
  A bullfrog skeleton (D:4)
  2 bullfrog zombies
  A jelly (D:8)
  A gnoll shaman (D:6)
  A quasit (D:7)
  An iron imp (D:5)
  2 centaur skeletons
  5 orc wizards
  2 iguanas (D:4)
  2 worker ants (D:7)
  4 gnolls (D:6)
  10 adders
  A shadow imp (D:8)
  5 oozes
  An adder skeleton (D:8)
  3 worms
  3 dart slugs
  A leopard gecko (D:1)
  22 orcs
  5 ball pythons
  3 giant cockroaches (D:1)
  12 goblins
  7 hobgoblins
  4 jackals (D:4)
  14 kobolds
  3 quokkas
  12 bats
  2 frilled lizards
  A leopard gecko skeleton (D:5)
  9 rats
  A spectral orc (D:3)
252 creatures vanquished.

Vanquished Creatures (others)
  A plant (Lair:4)
1 creature vanquished.

Grand Total: 253 creatures vanquished

Notes
Turn   | Place    | Note
-------+----------+-------------------------------------------
     0 | D:1      | Monsterracer the Troll Venom Mage began the quest for the Orb.
     0 | D:1      | Reached XP level 1. HP: 16/16 MP: 1/1
    13 | D:1      | HP: 7/16 [kobold/short sword (7)]
    14 | D:1      | HP: 3/16 [kobold/short sword (4)]
    73 | D:1      | Reached skill level 1 in Unarmed Combat
   145 | D:1      | Reached XP level 2. HP: 24/24 MP: 2/2
   211 | D:1      | Reached skill level 2 in Unarmed Combat
   689 | D:2      | Reached XP level 3. HP: 31/31 MP: 3/3
   776 | D:2      | Reached skill level 3 in Unarmed Combat
   791 | D:2      | Found a shimmering altar of Xom.
   815 | D:2      | Found a shattered altar of Ashenzari.
  1004 | D:2      | Reached XP level 4. HP: 36/39 MP: 4/4
  1036 | D:2      | Found a sacrificial altar of Ru.
  1051 | D:2      | Reached skill level 4 in Unarmed Combat
  1246 | D:2      | HP: 16/39 [something/puff of flame (11)]
  1251 | D:2      | HP: 7/39 [something/magic dart (4)]
  1256 | D:2      | HP: 3/39 [something (1)]
  1263 | D:2      | Reached XP level 5. HP: 6/45 MP: 5/5
  1449 | D:2      | Found a faded altar of an unknown god.
  1454 | D:2      | Became a worshipper of Zin the Law-Giver
  1454 | D:2      | Reached * piety under Zin
  1454 | D:2      | Reached ** piety under Zin
  1632 | D:2      | Fell from the grace of Zin
  1966 | D:3      | Noticed ceb's ghost (amateur HOFi)
  1975 | D:3      | HP: 22/45 [ceb's ghost (4)]
  1980 | D:3      | Killed ceb's ghost
  1980 | D:3      | Reached skill level 1 in Fighting
  1980 | D:3      | Reached skill level 5 in Unarmed Combat
  1980 | D:3      | Reached XP level 6. HP: 19/55 MP: 6/6
  2480 | D:3      | Found a basalt altar of Yredelemnul.
  2673 | D:4      | HP: 24/55 [ogre/giant club (12)]
  2678 | D:4      | HP: 8/55 [ogre/giant club (15)]
  2683 | D:4      | Reached skill level 6 in Unarmed Combat
  2683 | D:4      | HP: 10/57 [orc wizard/dagger (1)]
  2687 | D:4      | HP: 4/57 [something (4)]
  2688 | D:4      | Reached skill level 1 in Throwing
  2990 | D:4      | HP: 9/57 [ogre/giant club (24)]
  3007 | D:4      | Reached XP level 7. HP: 21/65 MP: 7/7
  3013 | D:4      | HP: 23/65 [phantom (2)]
  3024 | D:4      | HP: 24/65 [phantom (5)]
  3191 | D:4      | Reached skill level 7 in Unarmed Combat
  3291 | D:4      | Noticed shakethe's ghost (novice OpTm)
  3300 | D:4      | Killed shakethe's ghost
  3300 | D:4      | Reached XP level 8. HP: 61/75 MP: 8/8
  3584 | D:5      | Entered Level 5 of the Dungeon
  3752 | D:5      | Found a radiant altar of Vehumet.
  3787 | D:5      | Found a snail-covered altar of Cheibriados.
  3798 | D:5      | Became a worshipper of Cheibriados the Contemplative
  3989 | D:5      | Found Beokanae's Armour Boutique.
  4301 | D:6      | Noticed Grinder
  4315 | D:6      | Paralysed by Grinder for 4 turns
  4318 | D:6      | HP: 36/75 [Grinder (6)]
  4321 | D:6      | Killed Grinder
  4321 | D:6      | Reached skill level 8 in Unarmed Combat
  4321 | D:6      | Reached skill level 1 in Invocations
  4424 | D:6      | HP: 36/76 [ogre/giant spiked club (17)]
  4507 | D:6      | Noticed Duvessa
  4507 | D:6      | Noticed Dowan
  4516 | D:6      | Killed Duvessa
  4519 | D:6      | Killed Dowan
  4552 | D:6      | Reached * piety under Cheibriados
  4656 | D:6      | Found Ceoros's Weapon Boutique.
  4691 | D:6      | HP: 36/78 [gnoll/halberd (12)]
  4697 | D:6      | HP: 31/78 [gnoll/flail (5)]
  4807 | D:6      | Found a glowing golden altar of the Shining One.
  4826 | D:6      | Found Muluy's Magic Scroll Boutique.
  4848 | D:6      | Bought a scroll of teleportation for 39 gold pieces
  5301 | D:7      | Reached XP level 9. HP: 78/84 MP: 9/9
  5437 | D:7      | Found a staircase to the Ecumenical Temple.
  5463 | D:7      | HP: 36/84 [orc warrior/flail (23)]
  5465 | D:7      | Reached skill level 9 in Unarmed Combat
  5469 | D:7      | HP: 19/84 [orc warrior/flail (8)]
  5495 | D:7      | HP: 33/84 [orc priest/falchion (4)]
  5514 | D:7      | HP: 25/84 [orc priest/divine providence (11)]
  5637 | D:7      | Reached ** piety under Cheibriados
  5815 | D:7      | Noticed an ice statue
  6057 | D:8      | Found a staircase to the Lair.
  6193 | D:8      | Found an iron altar of Okawaru.
  6241 | D:8      | Found Guhaipt's Armour Boutique.
  6429 | D:8      | Reached *** piety under Cheibriados
  7226 | D:8      | Noticed a two-headed ogre
  7231 | D:8      | Killed a two-headed ogre
  7231 | D:8      | Reached skill level 5 in Throwing
  7231 | D:8      | Reached skill level 10 in Unarmed Combat
  7231 | D:8      | Reached XP level 10. HP: 94/94 MP: 11/11
  7326 | D:8      | Reached skill level 5 in Fighting
  7399 | Lair:1   | Entered Level 1 of the Lair of Beasts
  7435 | Lair:1   | Noticed a spiny frog
  7443 | Lair:1   | Killed a spiny frog
  7572 | Lair:1   | HP: 44/96 [blink frog (12)]
  7577 | Lair:1   | HP: 33/96 [blink frog (14)]
  7583 | Lair:1   | HP: 27/96 [blink frog (10)]
  7589 | Lair:1   | HP: 19/96 [blink frog (11)]
  7733 | Lair:1   | Noticed a spiny frog
  7741 | Lair:1   | Killed a spiny frog
  7744 | Lair:1   | Reached **** piety under Cheibriados
  7744 | Lair:1   | Reached skill level 5 in Dodging
  8706 | Lair:2   | Noticed a four-headed hydra
  8715 | Lair:2   | HP: 44/97 [four-headed hydra (16)]
  8716 | Lair:2   | HP: 14/97 [four-headed hydra (15)]
  8717 | Lair:2   | Killed a five-headed hydra
  8717 | Lair:2   | Reached skill level 11 in Unarmed Combat
  8717 | Lair:2   | Reached skill level 5 in Invocations
  8717 | Lair:2   | Reached XP level 11. HP: 16/105 MP: 13/13
  8719 | Lair:2   | HP: 4/105 [crocodile (5)]
  9103 | Lair:2   | Learned a level 2 spell: Sticks to Snakes
  9108 | Lair:2   | Learned a level 4 spell: Ice Form
  9234 | Lair:2   | Reached skill level 1 in Transmutations
  9493 | Lair:3   | Found a hole to the Spider Nest.
  9631 | Lair:3   | Noticed Rupert
  9781 | Lair:3   | HP: 52/105 [poisoned by a redback]
  9787 | Lair:3   | HP: 52/105 [poisoned by a redback]
  9912 | Lair:3   | HP: 50/105 [jumping spider (10)]
 10741 | Lair:3   | Noticed Urug
 10934 | Lair:4   | Reached skill level 5 in Transmutations
 11197 | Lair:4   | Noticed a five-headed hydra
 11204 | Lair:4   | Killed a five-headed hydra
 11344 | Lair:4   | Learned a level 4 spell: Airstrike
 11731 | Lair:5   | Reached ***** piety under Cheibriados
 11796 | Lair:5   | Noticed a five-headed hydra
 11801 | Lair:5   | HP: 61/123 [five-headed hydra (1)]
 11803 | Lair:5   | HP: 28/123 [rime drake/flash freeze (6)]
 11804 | Lair:5   | HP: 11/123 [five-headed hydra (4)]
 11804 | Lair:5   | HP: 3/123 [five-headed hydra (8)]
 11805 | Lair:5   | Slain by a five-headed hydra

Skill      XL: |  1  2  3  4  5  6  7  8  9 10 11 |
---------------+----------------------------------+-----
Unarmed Combat | 1 2 3 4 5 6 7 8 10 11 | 11.1
Fighting       | 1 2 3 4 5 |  5.8
Throwing       | 1 2 3 5 6 |  6.3
Dodging        | 2 3 4 5 |  5.2
Invocations    | 2 3 5 |  5.0
Transmutations | 6 |  6.1
Spellcasting   | 3 |  3.0
Stealth        | |  1.0
Conjurations   | |  0.6
Poison Magic   | |  2.1

Action                   |  1- 3 |  4- 6 |  7- 9 | 10-12 || total
-------------------------+-------+-------+-------+-------++-------
Melee: Unarmed           |   169 |   147 |   307 |   226 ||   849
       Punch             |     2 |     3 |    14 |    15 ||    34
Throw: Tomahawk          |       |     2 |     1 |     9 ||    12
       Large rock        |       |       |       |     2 ||     2
 Cast: Ice Form          |       |       |       |     2 ||     2
Invok: Renounce Religion |       |     1 |       |       ||     1
       Slouch            |       |       |       |     2 ||     2
  Use: Scroll            |     4 |     5 |     5 |     7 ||    21
 Stab: Sleeping          |     2 |       |     1 |     3 ||     6
       Paralysed         |       |     1 |       |       ||     1
  Eat: Chunk             |    15 |    18 |    29 |    25 ||    87
Armor: Robe              |    60 |    51 |    97 |    38 ||   246
       Skin              |       |       |       |     8 ||     8
Dodge: Dodged            |    97 |    74 |   108 |   126 ||   405
Block: Other             |       |       |    48 |    48 ||    96
       Reflection        |       |       |     1 |       ||     1

Vault maps used:
D:1:      ncdulo_halloftheorcs
D:2:      chequers_temple_overflow_statue_of_worship,
          chequers_ecumenical_altar_lobes, first_ration,
          nicolae_ru_great_annihilating_truth
D:3:      yredelemnul_forgotten_temple_becter
D:5:      overflow_temple_1_default, slow_altar_2, serial_shops, shop
D:6:      overflow_temple_1_default, serial_shops, nicolae_shop_waterfront,
          shop, hangedman_glass_teeth, uniq_grinder, uniq_duvessa
D:7:      lemuel_ice_statue, minmay_temple_entry_steel_oval
D:8:      wad_lake_hut, okawaru_ov_weapons_minmay, serial_shops,
          nicolae_shop_trees, grunt_livestock, minmay_misc_feat_roman
Lair:1:   grunt_megastairs_1, serial_bayou_shore_b, lemuel_fruit_tree
Lair:2:   grunt_megastairs_3
Lair:3:   minmay_shoals_entry_hut, nicolae_spider_entry_tight_spaces,
          roderic_carrion_pond, grunt_megastairs_4, uniq_rupert, uniq_urug
Lair:5:   dpeg_slime_entry_corner, special_room
